 Dungeon Crawl Stone Soup version 0.16.1-2-g95b8d4c (webtiles) character file.

2248 Chiseanne the Blocker (level 9, -6/71 HPs)
             Began as a Formicid Fighter on Mar 25, 2015.
             Was an Initiate of Gozag.
             Mangled by a wyvern (9 damage)
             ... on level 8 of the Dungeon.
             The game lasted 00:23:30 (7980 turns).

Chiseanne the Blocker (Formicid Fighter)            Turns: 7980, Time: 00:23:31

Health: -6/71      AC: 16    Str: 21    XL:     9   Next: 63%
Magic:  12/12      EV:  6    Int:  8    God:    Gozag
Gold:   436        SH: 12    Dex: 13    Spells: 0 memorised, 8 levels left

rFire  . . .     SeeInvis +     a - +1 war axe
rCold  + . .     Clarity  .     d - +0 plate armour
rNeg   . . .     SustAb   .     c - +1 shield
rPois  +         Gourm    .     (helmet unavailable)
rElec  .         Spirit   .     t - +2 cloak {rPois}
rCorr  .         Warding  .     (no gloves)
rMut   +         Stasis   +     (no boots)
MR     .....                    n - amulet of resist mutation
Stlth  ..........               (no ring)
                                D - ring of protection from cold

@: not resistant to hostile enchantments, extremely unstealthy
A: permanent stasis, dig shafts and tunnels, four strong arms, antennae 3
a: Dig, Shaft Self, Potion Petition, Call Merchant, Bribe Branch, Renounce
Religion


You were on level 8 of the Dungeon.
You worshipped Gozag.
Gozag was noncommittal.
You were not hungry.

You visited 2 branches of the dungeon, and saw 9 of its levels.

You collected 678 gold pieces.
You spent 85 gold pieces at shops.
You paid 157 gold pieces to Gozag.

Inventory:

Hand weapons
 a - a +1 war axe (weapon)
 s - a +4 quarterstaff of chaos
Missiles
 f - 72 bolts
 q - 5 steel javelins (quivered)
 x - 19 poisoned needles
 A - 20 sling bullets
 C - 19 bolts of flame
Armour
 c - a +1 shield (worn)
 d - a +0 plate armour (worn)
 t - a +2 cloak of poison resistance (worn)
Jewellery
 j - an uncursed amulet of faith
 n - an amulet of resist mutation (around neck)
 D - a ring of protection from cold (left hand)
Magical devices
 b - a wand of disintegration (15)
 e - a wand of heal wounds (3)
Scrolls
 v - 2 scrolls of remove curse
Potions
 i - 2 potions of agility
 k - a potion of might
 l - 3 potions of curing
 m - a potion of resistance {unknown}
 o - a potion of beneficial mutation {unknown}
 p - 5 potions of heal wounds
 r - 3 potions of restore abilities
 u - a potion of cancellation {unknown}
Comestibles
 g - 4 meat rations
 h - 2 slices of pizza
 w - 3 fruits
 B - 5 bread rations


   Skills:
 + Level 6.9 Fighting
 + Level 6.5 Axes
 * Level 7.5 Armour
 + Level 8.4 Shields


You had 8 spell levels left.
You didn't know any spells.

Dungeon Overview and Level Annotations

Branches:
Dungeon (8/15)             Temple (1/1) D:5
   Lair: D:8-11

Altars:
Ashenzari
Cheibriados
Dithmenos
Elyvilon
Fedhas
Gozag
Kikubaaqudgha
Nemelex Xobeh
Okawaru
Qazlal
Ru
Sif Muna
Trog
Vehumet
Xom
Yredelemnul
Zin
The Shining One

Shops:
D:6 [


Innate Abilities, Weirdness & Mutations

You are under a permanent stasis effect.
You can dig through walls and to a lower floor.
Your four strong arms can wield two-handed weapons with a shield.
You have a pair of large antennae on your head (SInv).


Message History

You block the wyvern's attack. x2
You hit the wyvern.
The wyvern is almost dead.
The wyvern bites you!
* * * LOW HITPOINT WARNING * * *
The wyvern bites you.
* * * LOW HITPOINT WARNING * * *
You barely miss the wyvern.
The wyvern is almost dead.
The wyvern bites you but does no damage. x2
You barely miss the wyvern.
The wyvern is almost dead.
The wyvern barely misses you. You block the wyvern's attack.
You closely miss the wyvern.
The wyvern is almost dead.
The wyvern bites you!
* * * LOW HITPOINT WARNING * * *
The wyvern bites you!
You die...
Your body crumbles into a pile of gold.

....# . . { #... #.# #
... #..# . #.# #
....###..# #. #.# #
####......# .. #.# #
......o.oo# #.##.# #
####.####o# #..#.# #
#D# #####.#.##### #@#
..............
#.####.########.#.#####
#.............#.#.#
#############.#...# $
#.##..# #.##..# #.###.#
#.# #.# #.# #.#


You could see a wyvern and 3 orcs.

Vanquished Creatures
  A hungry ghost (D:7)
  Edmund (D:4)
  An ice beast (D:5)
  A black bear (D:6)
  2 ogres
  2 eyes of draining
  2 centaurs
  A giant frog (D:6)
  A wyvern skeleton (D:6)
  5 killer bees (D:7)
  A crimson imp (D:5)
  A giant frog zombie (D:6)
  A goliath beetle (D:8)
  Crazy Yiuf (D:4)
  2 orc priests
  6 orc wizards
  2 giant frog skeletons (D:4)
  A hound (D:6)
  8 worker ants
  Ijyb (D:2)
  A worker ant zombie (D:7)
  7 gnolls
  8 adders
  A giant mite (D:4)
  3 worms
  3 adder skeletons (D:6)
  An adder zombie (D:5)
  5 giant geckos
  2 oozes
  15 orcs
  2 bat skeletons
  A bat zombie (D:6)
  6 giant cockroaches
  14 hobgoblins
  11 jackals
  9 kobolds
  4 quokkas
  3 ball pythons
  13 bats
  4 giant newts
  18 goblins
  2 quokka skeletons (D:4)
  11 rats
  3 ballistomycetes (D:4)
188 creatures vanquished.

Vanquished Creatures (others)
  A giant spore (D:4)
1 creature vanquished.

Grand Total: 189 creatures vanquished

Notes
Turn   | Place    | Note
--------------------------------------------------------------
     0 | D:1      | Chiseanne, the Formicid Fighter, began the quest for the Orb.
     0 | D:1      | Reached XP level 1. HP: 18/18 MP: 1/1
   257 | D:1      | Reached XP level 2. HP: 21/24 MP: 3/3
   784 | D:2      | Reached skill level 4 in Shields
   784 | D:2      | Reached XP level 3. HP: 30/30 MP: 4/4
   902 | D:2      | Found a deep blue altar of Sif Muna.
   902 | D:2      | Found a blossoming altar of Fedhas.
   902 | D:2      | Found a shattered altar of Ashenzari.
  1077 | D:2      | Noticed Ijyb
  1089 | D:2      | Killed Ijyb
  1089 | D:2      | Reached XP level 4. HP: 37/37 MP: 5/5
  1674 | D:3      | Reached XP level 5. HP: 40/42 MP: 7/7
  1829 | D:3      | Reached skill level 5 in Shields
  1973 | D:3      | Reached XP level 6. HP: 25/49 MP: 8/8
  2870 | D:4      | Found a glowing golden altar of the Shining One.
  2872 | D:4      | Found a radiant altar of Vehumet.
  3371 | D:4      | Reached XP level 7. HP: 42/55 MP: 9/9
  3642 | D:4      | Noticed Edmund
  3670 | D:4      | Killed Edmund
  3670 | D:4      | Reached skill level 5 in Fighting
  3670 | D:4      | Reached skill level 6 in Shields
  4009 | D:4      | Found a bloodstained altar of Trog.
  4020 | D:4      | Reached skill level 5 in Armour
  4209 | D:4      | Reached XP level 8. HP: 41/63 MP: 11/11
  4268 | D:4      | Reached skill level 5 in Axes
  4624 | D:4      | Noticed Crazy Yiuf
  4629 | D:4      | Killed Crazy Yiuf
  4875 | D:5      | Entered Level 5 of the Dungeon
  5063 | D:5      | Reached skill level 7 in Shields
  5225 | D:5      | Found a staircase to the Ecumenical Temple.
  5261 | Temple   | Entered the Ecumenical Temple
  5684 | D:5      | Found a snail-covered altar of Cheibriados.
  5739 | D:6      | Found Grelap's Armour Boutique.
  5746 | D:6      | Found an opulent altar of Gozag.
  5774 | D:6      | Became a worshipper of Gozag Ym Sagoz the Greedy
  5787 | D:6      | Bought a +0 cloak of poison resistance for 85 gold pieces
  6029 | D:6      | Reached XP level 9. HP: 62/69 MP: 12/12
  6034 | D:6      | Found a shimmering altar of Xom.
  6735 | D:7      | Found an iron altar of Okawaru.
  6794 | D:7      | Found a stormy altar of Qazlal.
  7236 | D:7      | Reached skill level 8 in Shields
  7498 | D:7      | Found a sacrificial altar of Ru.
  7980 | D:8      | HP: 3/71 [wyvern (9)]
  7980 | D:8      | Mangled by a wyvern

Action                   |  1- 3 |  4- 6 |  7- 9 || total
-------------------------+-------+-------+-------++-------
Melee: War axe           |   108 |   234 |   399 ||   741
Throw: Javelin           |       |       |    10 ||    10
 Abil: Dig               |     5 |    14 |    26 ||    45
Evoke: Wand              |       |       |     1 ||     1
  Use: Scroll            |     4 |     5 |     9 ||    18
       Potion            |       |       |     1 ||     1
  Eat: Chunk             |     1 |    10 |    10 ||    21
       Fruit             |       |       |     2 ||     2
       Pizza             |       |       |     5 ||     5
       Beef jerky        |       |       |     1 ||     1
